 Dungeon Crawl Stone Soup version 0.29-a0-67-g1d65ae1 (webtiles) character file.

Game seed: 11121339111635118191

83489 Illumine the Nimble (level 16, -5/134 HPs)
             Began as a Djinni Fire Elementalist on Feb 2, 2022.
             Was the Champion of Ashenzari.
             Slain by a freezing wraith (30 damage)
             ... led by a death knight
             ... on level 14 of the Dungeon.
             The game lasted 01:05:00 (29218 turns).

Illumine the Nimble (Djinni Fire Elementalist)     Turns: 29218, Time: 01:05:01

Health: -5/134     AC: 20    Str:  7    XL:     16   Next: 24%
Gold:   1350       EV: 17    Int: 28    God:    Ashenzari [******] SH:  8 Dex: 15

rFire   + . .      SeeInvis +   b - +9 rapier "All-seeing Prison" {vorpal, rElec, Fort, Evo} (curse)
rCold   x . .      Faith    .   N - +2 buckler of Ashenzari's Ordeal {Evo, Self} (curse)
rNeg    + + .      Spirit   .   p - +5 ring mail of Ashenzari's Vision {+Inv rF- rN+ Int+4, Cun, Range} (curse)
rPois   ∞          Reflect  .   A - +2 helmet "Unveiling Yoke" {SInv, Melee, Fort} (curse)
rElec   +          Harm     .   v - +0 cloak "Cursed Incredulity" {Cun, Range} (curse)
rCorr   .          Rampage  .   h - +1 pair of gloves "Lashed Secrets" {Melee, Self} (curse)
Will    +....      Clarity  +   (boots unavailable)
Stlth   ++........              T - amulet of the Wild Blue Yonder {Regen+, Self, Cun} (curse)
HPRegen 1.12/turn               i - ring of Ashenzari's Pleiades {rN+, Self, Range} (curse)
MPRegen 0.00/turn               J - ring "Distant Failure" {Wiz, Cun, Range} (curse)

@: about to teleport, flying
A: sickness immunity, fire resistance 2, cold vulnerability 1, float, innate
caster, HP casting, extra vitality 1
a: Renounce Religion, Evoke Invisibility, Shatter the Chains


You were on level 14 of the Dungeon.
You worshipped Ashenzari.
Ashenzari was exalted by your worship.
You visited 6 branches of the dungeon, and saw 25 of its levels.
You also visited: Bailey.

You collected 2011 gold pieces.
You spent 661 gold pieces at shops.

Inventory:

Hand Weapons
 b - the cursed +9 rapier "All-seeing Prison" (weapon) {vorpal, rElec, Fort, Evo}
   (You found it on level 6 of the Dungeon)

   It inflicts extra damage upon your enemies.
   rElec:     It insulates you from electricity.
   It has a curse which improves the following skills: Fortitude: Armour and
   Shields.
   Evocations: Evocations.
 C - a +1 vampiric bardiche
 P - the +1 war axe of Uncertain Death {freeze, rElec rPois Dex+2 Stlth+}
   (You found it on level 6 of the Lair of Beasts)

   It freezes those it strikes, dealing additional cold damage.
   It can also slow down cold-blooded creatures.
   Dex:       It affects your dexterity (+2).
   rElec:     It insulates you from electricity.
   rPois:     It protects you from poison.
   Stlth:     It makes you more stealthy.
Missiles
 c - 31 poisoned darts
Armour
 h - the cursed +1 pair of gloves "Lashed Secrets" (worn) {Melee, Self}
   (You found it on level 2 of the Dungeon)

   It has a curse which improves the following skills: Melee Combat: Short
   Blades, Long Blades, Axes, Maces & Flails, Polearms, Staves and Unarmed
   Combat.
   Introspection: Fighting and Spellcasting.
 p - the cursed +5 ring mail of Ashenzari's Vision (worn) {+Inv rF- rN+ Int+4, Cun, Range}
   (You found it on level 3 of the Dungeon)

   Int:       It affects your intelligence (+4).
   rF:        It makes you vulnerable to fire.
   rN:        It protects you from negative energy.
   +Inv:      It lets you turn invisible.
   It has a curse which improves the following skills: Cunning: Dodging and
   Stealth.
   Ranged Combat: Slings, Bows, Crossbows and Throwing.
 v - the cursed +0 cloak "Cursed Incredulity" (worn) {Cun, Range}
   (You found it on level 4 of the Dungeon)

   It has a curse which improves the following skills: Cunning: Dodging and
   Stealth.
   Ranged Combat: Slings, Bows, Crossbows and Throwing.
 A - the cursed +2 helmet "Unveiling Yoke" (worn) {SInv, Melee, Fort}
   (You found it in a bailey)

   It has a curse which improves the following skills: Melee Combat: Short
   Blades, Long Blades, Axes, Maces & Flails, Polearms, Staves and Unarmed
   Combat.
   Fortitude: Armour and Shields.
 N - the cursed +2 buckler of Ashenzari's Ordeal (worn) {Evo, Self}
   (You found it on level 5 of the Lair of Beasts)

   It has a curse which improves the following skills: Evocations: Evocations.
   Introspection: Fighting and Spellcasting.
Magical Staves
 a - a staff of earth
 m - a staff of death
 H - a staff of cold
 Q - a staff of fire
Jewellery
 i - the cursed ring of Ashenzari's Pleiades (left hand) {rN+, Self, Range}
   (You found it on level 1 of the Lair of Beasts)

   [ring of positive energy]

   rN:        It protects you from negative energy.
   It has a curse which improves the following skills: Introspection: Fighting
   and Spellcasting.
   Ranged Combat: Slings, Bows, Crossbows and Throwing.
 k - a +6 ring of dexterity
 E - a ring of positive energy
 J - the cursed ring "Distant Failure" (right hand) {Wiz, Cun, Range}
   (You found it on level 3 of the Lair of Beasts)

   [ring of wizardry]

   It improves your spell success rate.
   It has a curse which improves the following skills: Cunning: Dodging and
   Stealth.
   Ranged Combat: Slings, Bows, Crossbows and Throwing.
 T - the cursed amulet of the Wild Blue Yonder (around neck) {Regen+, Self, Cun}
   (You bought it in a shop on level 2 of the Orcish Mines)

   [amulet of regeneration]

   Regen:     It increases your rate of health regeneration.
   It has a curse which improves the following skills: Introspection: Fighting
   and Spellcasting.
   Cunning:   Dodging and Stealth.
Wands
 e - a wand of polymorph (8)
 n - a wand of digging (15)
 r - a wand of paralysis (8)
 F - a wand of flame (36)
 O - a wand of charming (2)
 R - a wand of acid (12)
 S - a wand of iceblast (6)
 V - a wand of mindburst (9)
Scrolls
 f - 3 scrolls of amnesia
 g - 2 scrolls of holy word
 l - 2 scrolls of summoning
 q - 5 scrolls of teleportation
 s - 3 scrolls of vulnerability
 t - 5 scrolls of magic mapping
 y - 3 scrolls of enchant armour
 z - 2 scrolls of immolation
 D - 2 scrolls of enchant weapon
 G - 2 scrolls of brand weapon
 L - a scroll of fear
 M - 3 scrolls of fog
Potions
 d - 2 potions of might
 j - a potion of berserk rage
 o - 3 potions of heal wounds
 u - 8 potions of curing
 w - 5 potions of haste
 x - 3 potions of flight
 B - 2 potions of cancellation
 K - 2 potions of brilliance
 U - a potion of ambrosia
Miscellaneous
 I - a condenser vane
 W - a lightning rod (4/4)


   Skills:
 + Level 12.7(18.9) Fighting
 - Level 10.3(14.2) Short Blades
 - Level 8.5(12.5) Armour
 + Level 13.1(19.3) Dodging
 - Level 1.5(5.3) Stealth
 + Level 5.3(9.1) Shields
 + Level 11.0(17.2) Spellcasting
 - Level 8.7(12.6) Evocations


You had 10 spell levels left.
You knew the following spells:

 Your Spells              Type           Power      Damage    Failure   Level
a - Foxfire               Conj/Fire      100%       2x1d9     0%          1
b - Scorch                Fire           100%       2d10      0%          2
c - Conjure Flame         Conj/Fire      88%        6-21      0%          3
d - Inner Flame           Hex/Fire       88%        N/A       0%          3
e - Flame Wave            Conj/Fire      88%        2d15      1%          4
f - Summon Small Mammal   Summ           100%       N/A       0%          1
g - Corpse Rot            Necr/Air       100%       N/A       0%          2
h - Ignite Poison         Fire/Tmut/Pois 88%        N/A       0%          3
i - Olgreb's Toxic Radia  Pois           88%        N/A       1%          4
j - Alistair's Intoxicat  Tmut/Pois      58%        N/A       1%          5
k - Summon Mana Viper     Hex/Summ       88%        N/A       1%          5
l - Dispersal             Tloc           44%        N/A       1%          6
Your spell library was empty.

Dungeon Overview and Level Annotations

Branches:
Dungeon (14/15)            Temple (1/1) D:7            Lair (6/6) D:9
  Swamp (1/4) Lair:3        Snake (1/4) Lair:4        Slime (0/5) Lair:6
    Orc (2/2) D:11            Elf (0/3) Orc:2        Vaults (0/5) D:14
 Bailey (visited)

Altars:
Ashenzari
Fedhas
Kikubaaqudgha
Nemelex Xobeh
Okawaru
Qazlal
Ru
Sif Muna
Trog
Xom
Zin
Beogh

Shops:
D:2 :   D:4 *   D:5 [   D:10 (   Orc:2 =[*[

Annotations:
D:13 Frances
Lair:6 2 transporters, dontdoit's ghost, journeyman DjWz


Innate Abilities, Weirdness & Mutations

You are immune to sickness and miasma.
You are immune to poison.
Your flesh is very heat resistant. (rF++)
You are vulnerable to cold. (rC-)
You float through the air rather than walking.
You learn spells naturally, not from books.
Your magical power is your life essence.
You have superior vitality. (+4 MHP)


Message History

Flames lash the white ugly thing.
The white ugly thing is severely wounded.
The white ugly thing's fire resistance burns away.
You block the skeletal warrior's attack.
The white ugly thing misses you.
Casting: Scorch (safe; 0% risk of failure)
Confirm with . or Enter, or press ? or * to list all spells.
Casting: Flame Wave (safe; 1% risk of failure)
Press: ? - help, Dir - look around, f - activate A wave of flame ripples out!
The flame wave engulfs the white ugly thing!!
The white ugly thing is burned terribly!
The white ugly thing is almost dead.
The flame wave engulfs the skeletal warrior!
The skeletal warrior is moderately damaged. (Press . to intensify the flame waves.)
The skeletal warrior hits you with a +0 scimitar!!
The white ugly thing kicks you! The white ugly thing freezes you!!
You feel a terrible chill!
* * * LOW HITPOINT WARNING * * *
A wave of flame ripples out!
The flame wave engulfs the white ugly thing!
The white ugly thing is burned terribly!
You kill the white ugly thing!
The flame wave engulfs the skeletal warrior!
The skeletal warrior is heavily damaged.
The flame wave engulfs the freezing wraith.
The freezing wraith is burned terribly!
The freezing wraith is lightly damaged.
* * * LOW HITPOINT WARNING * * *
You block the skeletal warrior's attack.
The skeletal warrior hits you with a +0 scimitar!
* * * LOW HITPOINT WARNING * * *
As you read the scroll of teleportation, it crumbles to dust.
You feel strangely unstable.
You block the skeletal warrior's attack.
The freezing wraith hits you!
* * * LOW HITPOINT WARNING * * *
The freezing wraith freezes you!!
You feel a terrible chill!
You die...

...####........#################.
...###..........##############...
>..###..........###..............
...###.[........##...##...#####..
................##.÷..........#..
†...##..........##...#######..#.#
...............###...#.+:.∩#..#.#
...####..............#.#∆,∆#..#.#
...###.........z@....#.# **#..#..
######.........W##...#.T, O..#.#
######..........>...(## #######..
######..........###..). .........
######..........###.###....<.....
####.............. , ....#####
####.......#.......**##.###### ,
#####..####......... *#.######
,...##............## ,,...####


You could see a skeletal warrior and a freezing wraith.

Vanquished Creatures
  Nessos (Lair:4)
  3 eleionomae (Lair:3)
  Snorg (D:13)
  4 catoblepae
  2 boulder beetles
  8 hydras
  2 death knights
  2 centaur warriors
  2 alligators (Swamp:1)
  6 two-headed ogres
  13 death yaks
  2 orc high priests (Orc:2)
  2 goliath frogs (Swamp:1)
  Pikel (D:7)
  14 ugly things
  2 orc knights
  A deep elf pyromancer (D:14)
  2 lindwurms (Lair:4)
  An oklob plant (Lair:3)
  5 orc sorcerers
  3 manticores
  Maurice (Orc:1)
  5 elephants
  8 black mambas
  A gargoyle (Bailey)
  2 torpor snails
  10 cane toads
  2 rime drakes
  A komodo dragon (shapeshifter) (D:14)
  8 komodo dragons
  4 polar bears
  3 trolls
  A hornet (D:9)
  Prince Ribbit (D:6)
  The ghost of crawlisdead the Ducker, an amateur GnMo of Ashenzari (D:4)
  3 slime creatures (D:12)
  5 dream sheep
  12 blink frogs
  A centaur simulacrum (D:14)
  A wraith (D:12)
  4 wyverns
  2 basilisks
  4 vampires
  55 yaks
  A fire elemental (Orc:2)
  A human (shapeshifter) (D:9)
  2 death yak simulacra (Orc:2)
  The ghost of Hailfire the Insei, an amateur DsGl (D:3)
  9 vampire mosquitoes
  Menkaure (D:5)
  A steam dragon (D:6)
  2 wargs
  3 nagas (Lair:4)
  A swamp worm (Swamp:1)
  An acid dragon (D:10)
  15 water moccasins
  26 orc warriors
  A sky beast (D:6)
  An ice beast (D:7)
  A necrophage (D:6)
  35 wolves
  5 centaurs (D:13)
  An ogre (shapeshifter) (D:14)
  4 lemures (D:7)
  7 ogres
  A phantom (D:4)
  2 kobold brigands
  11 bullfrogs
  2 two-headed ogre simulacra (Orc:2)
  2 scorpions
  A water moccasin skeleton (D:5)
  6 killer bees (D:10)
  4 wights (D:9)
  2 howler monkeys (D:8)
  3 electric eels (Lair:3)
  7 vampire bats (Bailey)
  5 wolf zombies (Bailey)
  A centaur zombie (D:5)
  3 lava snakes
  5 jellies
  A bullfrog skeleton (D:5)
  2 centaur skeletons (D:5)
  30 orc priests
  5 hounds
  Crazy Yiuf (D:4)
  An iguana (D:7)
  Natasha (twice) (D:3)
  40 orc wizards
  A spriggan simulacrum (Orc:2)
  Robin (D:3)
  9 gnolls
  3 naga simulacra (Orc:2)
  11 adders
  2 white imps
  An ufetubus (D:6)
  3 dart slugs
  68 orcs
  10 ball pythons
  9 endoplasms
  4 giant cockroaches
  23 goblins
  17 hobgoblins
  21 kobolds
  4 quokkas
  3 bats
  4 frilled lizards
  15 orc zombies (Bailey)
  7 rats
  A butterfly (Lair:2)
685 creatures vanquished.

Vanquished Creatures (collateral kills)
  Gastronok (Lair:3)
  A foxfire (Lair:3)
2 creatures vanquished.

Vanquished Creatures (others)
  A blink frog (Lair:6)
  593 foxfires
  51 fungi
  72 plants
717 creatures vanquished.

Grand Total: 1404 creatures vanquished

Notes
Turn   | Place    | Note
-------+----------+-------------------------------------------
     0 | D:1      | Illumine the Djinni Fire Elementalist began the quest for
                  | the Orb.
     0 | D:1      | Reached XP level 1. HP: 15/15 MP: 0/0
   381 | D:1      | Reached XP level 2. HP: 21/21 MP: 0/0
   904 | D:1      | Reached XP level 3. HP: 24/25 MP: 0/0
   904 | D:1      | Learned a level 1 spell: Summon Small Mammal
  1003 | D:1      | Found a faded altar of an unknown god.
  1805 | D:2      | Reached skill level 3 in Dodging
  1861 | D:2      | Reached XP level 4. HP: 31/31 MP: 0/0
  2234 | D:2      | Found Vubruwk's Book Boutique.
  2828 | D:3      | Reached skill level 1 in Fighting
  2828 | D:3      | Reached XP level 5. HP: 29/37 MP: 0/0
  2828 | D:3      | Learned a level 2 spell: Corpse Rot
  2961 | D:3      | Reached XP level 6. HP: 28/43 MP: 0/0
  3101 | D:3      | Noticed Robin
  3233 | D:3      | Killed Robin
  3291 | D:3      | Upgraded the game from 0.29-a0-58-ga276305 to
                  | 0.29-a0-60-g2e2478e
  3499 | D:3      | Identified the +5 ring mail of Dice, Bag, and Bottle {+Inv
                  | rF- rN+ Int+4}
  3500 | D:3      | Noticed Natasha
  3514 | D:3      | Killed Natasha
  3880 | D:3      | Found a runed translucent door.
  3881 | D:3      | Noticed Hailfire's ghost (amateur DsGl)
  3979 | D:3      | Noticed Natasha
  3985 | D:3      | Killed Natasha
  4291 | D:4      | Found Weikyhucw's CLEARANCE SALE!.
  4297 | D:4      | Bought a scroll of teleportation for 24 gold pieces
  4398 | D:4      | Reached skill level 1 in Armour
  4398 | D:4      | Reached XP level 7. HP: 46/49 MP: 0/0
  4398 | D:4      | Learned a level 3 spell: Ignite Poison
  4492 | D:4      | Reached skill level 5 in Spellcasting
  4822 | D:4      | Found a large runed translucent door.
  4823 | D:4      | Found a large runed translucent door.
  4824 | D:4      | Noticed crawlisdead's ghost (amateur GnMo)
  4928 | D:4      | Found a runed translucent door.
  4929 | D:4      | Noticed Crazy Yiuf
  5007 | D:5      | Entered Level 5 of the Dungeon
  5064 | D:5      | Found Mis Lorgh's Antique Armour Shop.
  5332 | D:5      | Noticed Menkaure
  5414 | D:5      | Reached XP level 8. HP: 47/57 MP: 0/0
  5479 | D:5      | Killed Menkaure
  5773 | D:5      | Found an iron altar of Okawaru.
  5890 | D:5      | Found a glowing silver altar of Zin.
  5893 | D:5      | Found a shimmering altar of Xom.
  5894 | D:5      | Found a bloodstained altar of Trog.
  6051 | D:6      | Identified the +9 rapier of Ickymi {vorpal, rElec}
  6461 | D:6      | Reached skill level 1 in Short Blades
  6604 | D:6      | Noticed Prince Ribbit
  6608 | D:6      | Killed Prince Ribbit
  6609 | D:6      | Reached XP level 9. HP: 56/64 MP: 0/0
  6609 | D:6      | Learned a level 4 spell: Olgreb's Toxic Radiance
  6614 | D:6      | Reached skill level 5 in Fighting
  7387 | D:7      | Identified the +4 ring mail "Uderuam" {rF+ Will+}
  7422 | D:7      | Found a staircase to the Ecumenical Temple.
  7430 | Temple   | Entered the Ecumenical Temple
  7438 | Temple   | Became a worshipper of Ashenzari the Shackled
  7628 | D:7      | Noticed Pikel
  7652 | D:7      | Killed Pikel
  7653 | D:7      | Reached skill level 5 in Armour
  7653 | D:7      | Reached skill level 4 in Dodging
  8414 | D:7      | Upgraded the game from 0.29-a0-60-g2e2478e to
                  | 0.29-a0-65-g3f3a666
  8439 | D:8      | Reached XP level 10. HP: 63/72 MP: 0/0
  8810 | D:8      | Noticed an efreet
  9029 | D:3      | Killed Hailfire's ghost
  9030 | D:3      | Reached skill level 5 in Dodging
  9030 | D:3      | Reached skill level 1 in Evocations
  9381 | D:4      | Killed Crazy Yiuf
  9537 | D:4      | Killed crawlisdead's ghost
  9934 | D:9      | Found a flagged portal.
  9999 | Bailey   | Entered a bailey
 10494 | Bailey   | Reached * piety under Ashenzari
 10521 | Bailey   | Noticed a gargoyle
 10760 | Bailey   | Killed a gargoyle
 11742 | D:9      | Reached skill level 6 in Dodging
 11789 | D:9      | Found a staircase to the Lair.
 11800 | Lair:1   | Entered Level 1 of the Lair of Beasts
 12033 | Lair:2   | Reached XP level 11. HP: 73/81 MP: 0/0
 12033 | Lair:2   | Learned a level 5 spell: Alistair's Intoxication
 12033 | Lair:2   | Reached ** piety under Ashenzari
 12228 | Lair:1   | Reached skill level 5 in Short Blades
 12465 | Lair:1   | Noticed an eight-headed hydra
 12475 | Lair:1   | Killed an eight-headed hydra
 12562 | Lair:1   | Reached skill level 7 in Dodging
 13186 | Lair:2   | Noticed a catoblepas
 13198 | Lair:2   | Killed a catoblepas
 13291 | Lair:2   | Noticed a seven-headed hydra
 13301 | Lair:2   | Killed a seven-headed hydra
 13837 | Lair:1   | Upgraded the game from 0.29-a0-65-g3f3a666 to
                  | 0.29-a0-66-gb207118
 13854 | Lair:1   | Reached *** piety under Ashenzari
 13930 | Lair:2   | Reached XP level 12. HP: 74/91 MP: 0/0
 14154 | Lair:2   | Reached skill level 8 in Dodging
 15175 | Lair:3   | Reached **** piety under Ashenzari
 15208 | Lair:3   | Upgraded the game from 0.29-a0-66-gb207118 to
                  | 0.29-a0-67-g1d65ae1
 15215 | Lair:3   | Noticed a boulder beetle
 15325 | Lair:3   | Reached skill level 5 in Evocations
 15483 | Lair:3   | Reached skill level 9 in Dodging
 15798 | Lair:3   | Killed a boulder beetle
 15900 | Lair:3   | Noticed a five-headed hydra
 15908 | Lair:3   | Killed a five-headed hydra
 15909 | Lair:3   | Reached XP level 13. HP: 59/102 MP: 0/0
 15909 | Lair:3   | Learned a level 5 spell: Summon Mana Viper
 15983 | Lair:3   | Noticed Gastronok
 15995 | Lair:3   | Killed Gastronok
 16307 | Lair:3   | Found a staircase to the Swamp.
 16368 | Lair:3   | Noticed a seven-headed hydra
 16378 | Lair:3   | Killed a seven-headed hydra
 16392 | Lair:3   | Noticed a six-headed hydra
 16580 | Lair:3   | Killed a six-headed hydra
 17427 | Lair:3   | Reached ***** piety under Ashenzari
 17473 | Lair:4   | Noticed Nessos
 17477 | Lair:4   | Killed Nessos
 17478 | Lair:4   | Reached skill level 10 in Fighting
 17478 | Lair:4   | Reached skill level 10 in Dodging
 17700 | Lair:4   | Found a staircase to the Snake Pit.
 18103 | Lair:4   | Found a sparkling altar of Nemelex Xobeh.
 18597 | Lair:4   | Reached XP level 14. HP: 95/112 MP: 0/0
 19727 | Lair:5   | Found a sacrificial altar of Ru.
 20043 | Lair:6   | Entered Level 6 of the Lair of Beasts
 20084 | Lair:6   | Reached skill level 11 in Dodging
 20208 | Lair:6   | Noticed dontdoit's ghost (journeyman DjWz)
 20623 | Lair:6   | Found a transporter.
 20625 | Lair:6   | Found a transporter.
 20714 | Lair:6   | Found a sacrificial altar of Ru.
 20783 | Lair:6   | Found a staircase to the Slime Pits.
 21149 | Lair:6   | Reached skill level 10 in Spellcasting
 21743 | Lair:6   | Identified the +1 war axe of Uncertain Death {freeze, rElec
                  | rPois Dex+2 Stlth+}
 22215 | D:9      | Identified the +3 robe "Sinoacedd" {Stlth+}
 22561 | D:9      | Found a blossoming altar of Fedhas.
 22795 | D:10     | Entered Level 10 of the Dungeon
 22878 | D:10     | Found a stormy altar of Qazlal.
 22896 | D:10     | Reached XP level 15. HP: 112/121 MP: 0/0
 22896 | D:10     | Learned a level 6 spell: Dispersal
 23416 | D:10     | Found Xuskoxou's Antique Weapon Emporium.
 24349 | D:11     | Reached skill level 1 in Shields
 24354 | D:11     | Found a staircase to the Orcish Mines.
 24452 | Orc:1    | Entered Level 1 of the Orcish Mines
 24487 | Orc:1    | Noticed Maurice
 24601 | Orc:1    | Killed Maurice
 24602 | Orc:1    | Reached skill level 12 in Dodging
 24828 | Orc:2    | Entered Level 2 of the Orcish Mines
 24951 | Orc:2    | Reached skill level 10 in Short Blades
 26499 | Orc:2    | Found a staircase to the Elven Halls.
 26745 | Orc:2    | Found Moishroli's Antique Armour Shoppe.
 26745 | Orc:2    | Found Poolaomm's Armour Emporium.
 26754 | Orc:2    | Found Datzunill's Assorted Antiques.
 26754 | Orc:2    | Found Lezxit's Jewellery Emporium.
 26766 | Orc:2    | Bought an amulet of regeneration for 360 gold pieces
 26776 | Orc:2    | Bought a pair of embroidered gloves for 277 gold pieces
 27493 | D:12     | Reached ****** piety under Ashenzari
 27910 | D:13     | Noticed Frances
 28086 | Swamp:1  | Entered Level 1 of the Swamp
 28438 | Snake:1  | Entered Level 1 of the Snake Pit
 28724 | D:13     | Reached XP level 16. HP: 113/134 MP: 0/0
 28775 | D:13     | Noticed Snorg
 28780 | D:13     | Killed Snorg
 28882 | D:14     | Found a gate to the Vaults.
 28931 | D:14     | Reached skill level 13 in Dodging
 28931 | D:14     | Reached skill level 5 in Shields
 29218 | D:14     | Slain by a freezing wraith

Illustrated notes

Levels and vault maps discovered:
D:1:      minmay_arrival_three_doors, layout_loops_corners,
          hellmonk_ecumenical_altar_zigzags
D:2:      layout_loops_cross, serial_shops, shop, grunt_ministairs_11
D:3:      layout_loops_ring, ebering_ghost_inner_flame, minmay_surrounded,
          uniq_robin, uniq_natasha
D:4:      layout_gridville, ebering_ghost_disaster_area, nicolae_shop_clearance,
          uniq_crazy_yiuf_cottage
D:5:      layout_cave_pools, nicolae_overflow_hallway_of_the_gods, serial_shops,
          shop, kennysheep_generic_room_2, uniq_menkaure
D:6:      layout_rooms, fountainhead, uniq_prince_ribbit1
D:7:      layout_gridville, minmay_temple_entry_proselytizer, uniq_pikel
D:8:      layout_basic, nicolae_tso_swordbearing_angel
D:9:      layout_basic, fedhas_altar_4, lair_entry_dummy, enter_bailey_5
D:10:     layout_roguey, mainiacjoe_overflow_six_doors_small, serial_shops,
          shop, eino_tiny_chamber
D:11:     layout_loops_corners, david_orc_5
D:12:     layout_rooms, st_stairs_10
D:13:     layout_loops_ring, minmay_guarded_unrand_wrath_of_trog, uniq_snorg,
          uniq_frances
D:14:     layout_rooms, david_vaults_4, hangedman_decor_growths
Temple:   dpeg_chambers_temple
Lair:1:   layout_gridlike, infiniplex_staircase_pool_2, grunt_megastairs_3
Lair:2:   beast_lair_carwin_large_4, layout_regular_city, grunt_megastairs_4,
          lemuel_fruit_fields
Lair:3:   nzn_winding_woodlands_cross [nzn_winding_woodlands_5x15_sidewinder,
          nzn_winding_woodlands_5x15_zeroes, nzn_winding_woodlands_5x15_default,
          nzn_winding_woodlands_5x15_pathside_ponds,
          nzn_winding_woodlands_15x15_boxy_spiral], layout_loops_ring,
          swamp_mist, nicolae_lair_liquid_snakes, uniq_gastronok
Lair:4:   layout_long_grid, minmay_snake_entry_guardpost_medium, basic_altar,
          serial_bayou_pond_a, chequers_serial_rivers_micro_e,
          hangedman_lair_generics_rect, infiniplex_staircase_pool,
          serial_bayou_shore_b, uniq_nessos
Lair:5:   layout_concentric_octagons, basic_altar
Lair:6:   evilmike_catoblepas_cave, layout_regular_city,
          nicolae_slime_entry_slimehenge, gammafunk_ghost_hive, basic_altar
Swamp:1:  layout_falls_marsh, hangedman_swamp_ruin_wall, uniq_mlioglotl
Snake:1:  layout_cave_shapes, serial_bayou_pond_c, nicolae_snake_shapes,
          uniq_rupert, uniq_aizul
Orc:1:    layout_caves, uniq_maurice
Orc:2:    st_orc_mages, layout_caves, portal_ice_cave_entry_ice_simulacra,
          nicolae_orc_lava_tube

Skill      XL: |  1  2  3  4  5  6  7  8  9 10 11 12 13 14 15 16 |
---------------+-------------------------------------------------+-----
Spellcasting   | 3 4 5 6 7 8 9 10 11 | 11.0
Dodging        | 3 4 6 7 9 10 11 12 13 | 13.1
Fighting       | 1 2 3 4 6 7 8 9 10 11 12 | 12.7
Armour         | 1 2 4 5 6 7 8 |  8.5
Short Blades   | 1 3 4 6 7 8 9 10 | 10.3
Evocations     | 3 5 7 8 |  8.7
Shields        | 4 5 |  5.3
Stealth        | |  1.5

Action                   |  1- 3 |  4- 6 |  7- 9 | 10-12 | 13-15 | 16-18 || total
-------------------------+-------+-------+-------+-------+-------+-------++-------
Melee: Rapier            |       |       |       |   110 |    81 |       ||   191
 Cast: Foxfire           |    57 |    90 |   113 |    90 |       |       ||   350
       Scorch            |       |    19 |    63 |   139 |   234 |     6 ||   461
       Olgreb's Toxic Ra |       |       |     3 |    34 |   153 |    14 ||   204
       Flame Wave        |       |       |     1 |     3 |     9 |     1 ||    14
       Ignite Poison     |       |       |       |    23 |   178 |    23 ||   224
       Conjure Flame     |       |       |       |     1 |       |       ||     1
       Summon Mana Viper |       |       |       |       |     3 |     1 ||     4
       Alistair's Intoxi |       |       |       |       |     1 |       ||     1
Invok: Curse Item        |       |       |       |     6 |     3 |       ||     9
  Use: Scroll            |       |       |     4 |     1 |       |     1 ||     6
 Stab: Distracted        |       |       |       |     1 |       |       ||     1
       Sleeping          |       |       |       |     1 |       |       ||     1
Armor: Robe              |     1 |     2 |    14 |       |       |       ||    17
       Steam dragon scal |       |       |     6 |    15 |       |       ||    21
       Ring mail         |       |       |       |    65 |   131 |     3 ||   199
Dodge: Dodged            |     5 |    20 |    43 |   145 |   212 |     2 ||   427
Block: Buckler           |       |       |       |       |    73 |    10 ||    83

Table legend: (Time is in decaauts)
 A = Elapsed time spent in this place.
 B = Non-inter-level travel time spent in this place.
 C = Inter-level travel time spent in this place.
 D = Time resting spent in this place.
 E = Time spent auto-exploring this place.
 F = Levels seen in this place.
 G = Mean time per level.
                   A        B        C        D        E       F      G
               +--------+--------+--------+--------+--------+-----+--------+
         Total |  29204 |  27666 |   1538 |   9154 |  13070 |  26 | 1123.2 |
       Dungeon |  14677 |  13655 |   1022 |   3004 |   8285 |  14 | 1048.4 |
        Temple |     16 |      9 |      7 |      0 |      0 |   1 |   16.0 |
          Lair |  10656 |  10202 |    454 |   4186 |   4457 |   6 | 1776.0 |
         Swamp |     85 |     85 |      0 |      7 |     10 |   1 |   85.0 |
     Snake Pit |      2 |      2 |      0 |      0 |      0 |   1 |    2.0 |
  Orcish Mines |   2365 |   2311 |     54 |   1161 |    271 |   2 | 1182.5 |
        Bailey |   1398 |   1398 |      0 |    796 |     47 |   1 | 1398.0 |
               +--------+--------+--------+--------+--------+-----+--------+

Top non-repeatable levels by time:
  Lair:3: 2765 daAuts
  Lair:2: 2253 daAuts
     D:3: 1896 daAuts
  Lair:6: 1767 daAuts
     D:1: 1657 daAuts
  Lair:4: 1468 daAuts
    D:11: 1408 daAuts
  Bailey: 1398 daAuts
   Orc:2: 1333 daAuts
     D:9: 1322 daAuts
     D:6: 1285 daAuts
  Lair:1: 1280 daAuts
     D:7: 1151 daAuts
     D:4: 1149 daAuts
  Lair:5: 1121 daAuts
